[ AOE2 MATCH · #476035749 ]
UnrankedByzantines vs Ethiopians
[ REPLAY ANALYSIS · EXTRACTED FROM THE RECORDED GAME ]
Feudal
13:39
Castle
23:40
Imperial
46:39
| APM avg | 20.7 |
| APM peak | 46 |
| eAPM avg | 14.4 |
| Villagers / military | 192 / 264 |
Focus
⚔️ 26.8% · 🌾 73.2%
Knight ×262 · Fishing Ship ×7 · Unknown (2626) ×2 · Battering Ram ×1 · Scout Cavalry ×1
Feudal
13:13
Castle
16:47
Imperial
51:18
| APM avg | 38.5 |
| APM peak | 124 |
| eAPM avg | 25.3 |
| Villagers / military | 326 / 92 |
Focus
⚔️ 27.1% · 🌾 72.9%
Skirmisher ×44 · Longbowman ×26 · Spearman ×18 · Fishing Ship ×8 · Fire Galley ×2 · Battering Ram ×2
Feudal
14:27
Castle
21:47
Imperial
37:50
| APM avg | 46.6 |
| APM peak | 70 |
| eAPM avg | 25.3 |
| Villagers / military | 102 / 310 |
Focus
⚔️ 43.4% · 🌾 56.6%
Archer ×284 · Fishing Ship ×37 · Galley ×10 · Trebuchet (Packed) ×4 · Knight ×3 · Mangonel ×3
Feudal
15:06
Castle
20:49
Imperial
30:25
| APM avg | 64.8 |
| APM peak | 113 |
| eAPM avg | 29.8 |
| Villagers / military | 181 / 204 |
Focus
⚔️ 40.0% · 🌾 60.0%
Cavalry Archer ×161 · Keshik ×34 · Fishing Ship ×10 · Trebuchet (Packed) ×9 · Unknown (2626) ×8
Feudal
13:58
Castle
18:21
Imperial
44:22
| APM avg | 48.6 |
| APM peak | 86 |
| eAPM avg | 29.3 |
| Villagers / military | 209 / 317 |
Focus
⚔️ 36.4% · 🌾 63.6%
Archer ×283 · Berserk ×17 · Battering Ram ×16 · Fishing Ship ×11 · Unknown (2626) ×2 · Mangonel ×1
Feudal
18:11
Castle
36:02
Imperial
51:53
| APM avg | 33.9 |
| APM peak | 72 |
| eAPM avg | 21.7 |
| Villagers / military | 203 / 127 |
Focus
⚔️ 33.2% · 🌾 66.8%
Knight ×114 · Fishing Ship ×25 · Trade Cog ×23 · Battering Ram ×6 · Unknown (2626) ×6 · Fire Galley ×4
Match map
Initial resources + every placement click. Lines = walls · curves = elevation contours. ◆ gold · ⬟ stone · ● berries · ✦ relic · ◌ wall gap
Your base· Open — 6t gap
weski's base· Open — 3t gap
Amar mend üü's base· Open — 3t gap
Young Carter's base· Open — unwalled flank
gottagou's base· Open — 4t gap
DK | Mauseren's base· Open — 3t gap
Smoothed initial terrain · ◌ = detected wall gap · hover for details
Inputs per minute
— ike - - weski
Build order — ike
First 150 of 468 actions detected
| 0:07 | Build | House |
| 0:18 | Build | Town Center |
| 1:18 | Build | Dock |
| 2:45 | Create | Villager (Male) |
| 2:45 | Create | Villager (Male) |
| 2:46 | Create | Villager (Male) |
| 2:46 | Create | Villager (Male) |
| 3:56 | Create | Fishing Ship |
| 4:12 | Create | Villager (Male) |
| 4:20 | Build | House |
| 4:23 | Build | Palisade Wall |
| 4:34 | Research | Loom |
| 4:57 | Create | Villager (Male) |
| 5:22 | Create | Villager (Male) |
| 5:52 | Create | Villager (Male) |
| 5:53 | Create | Villager (Male) |
| 6:22 | Build | Palisade Wall |
| 6:29 | Create | Villager (Male) |
| 6:41 | Build | House |
| 6:43 | Create | Villager (Male) |
| 6:51 | Create | Fishing Ship |
| 6:51 | Create | Fishing Ship |
| 7:25 | Create | Villager (Male) |
| 7:26 | Create | Villager (Male) |
| 7:32 | Build | House |
| 7:55 | Create | Fishing Ship |
| 8:01 | Create | Villager (Male) |
| 8:21 | Create | Villager (Male) |
| 8:22 | Create | Villager (Male) |
| 8:30 | Create | Fishing Ship |
| 8:53 | Create | Villager (Male) |
| 9:00 | Create | Fishing Ship |
| 9:06 | Build | House |
| 9:08 | Create | Villager (Male) |
| 9:12 | Create | Villager (Male) |
| 9:48 | Create | Fishing Ship |
| 10:01 | Create | Villager (Male) |
| 10:02 | Create | Villager (Male) |
| 10:02 | Create | Villager (Male) |
| 10:13 | Build | House |
| 10:19 | Create | Villager (Male) |
| 10:28 | Build | House |
| 10:30 | Build | House |
| 10:44 | Build | House |
| 10:55 | Create | Villager (Male) |
| 11:01 | Build | Lumber Camp |
| 11:29 | Research | Feudal Age |
| 12:06 | Build | Lumber Camp |
| 13:39 | Age | Feudal Age |
| 13:57 | Build | Town Center |
| 14:05 | Research | Double-Bit Axe |
| 14:17 | Create | Unit 2626 |
| 14:25 | Build | House |
| 14:29 | Build | House |
| 14:33 | Build | House |
| 14:43 | Create | Villager (Male) |
| 14:43 | Create | Villager (Male) |
| 14:49 | Create | Villager (Male) |
| 15:08 | Build | Mill |
| 15:45 | Build | Mining Camp |
| 16:12 | Create | Unit 2626 |
| 16:17 | Create | Villager (Male) |
| 16:18 | Create | Villager (Male) |
| 16:18 | Create | Villager (Male) |
| 16:18 | Create | Villager (Male) |
| 16:23 | Build | House |
| 16:28 | Create | Villager (Male) |
| 16:28 | Create | Villager (Male) |
| 16:40 | Build | House |
| 17:05 | Create | Villager (Male) |
| 17:24 | Build | Mill |
| 17:29 | Create | Villager (Male) |
| 17:29 | Create | Villager (Male) |
| 17:32 | Create | Villager (Male) |
| 17:32 | Create | Villager (Male) |
| 17:52 | Build | Market |
| 18:46 | Create | Villager (Male) |
| 18:47 | Create | Villager (Male) |
| 18:47 | Create | Villager (Male) |
| 19:02 | Build | Palisade Wall |
| 19:05 | Build | Palisade Wall |
| 19:12 | Build | Palisade Wall |
| 19:14 | Build | Palisade Wall |
| 19:16 | Build | Palisade Wall |
| 19:45 | Create | Villager (Male) |
| 19:50 | Build | Blacksmith |
| 20:06 | Build | Farm |
| 20:07 | Build | Farm |
| 20:08 | Build | Farm |
| 20:11 | Build | Farm |
| 20:13 | Build | Farm |
| 20:14 | Build | Farm |
| 20:15 | Build | Farm |
| 20:20 | Build | Farm |
| 20:43 | Build | Farm |
| 21:00 | Research | Castle Age |
| 22:44 | Build | Mill |
| 23:15 | Create | Villager (Male) |
| 23:16 | Create | Villager (Male) |
| 23:24 | Build | House |
| 23:25 | Build | House |
| 23:28 | Build | House |
| 23:29 | Build | House |
| 23:36 | Research | Wheelbarrow |
| 23:40 | Age | Castle Age |
| 23:46 | Build | Town Center |
| 23:51 | Create | Villager (Male) |
| 23:51 | Create | Villager (Male) |
| 23:59 | Build | Town Center |
| 24:16 | Create | Villager (Male) |
| 24:16 | Create | Villager (Male) |
| 24:28 | Research | Bow Saw |
| 24:35 | Research | Horse Collar |
| 24:42 | Create | Villager (Male) |
| 24:42 | Create | Villager (Male) |
| 24:42 | Create | Villager (Male) |
| 24:43 | Create | Villager (Male) |
| 24:43 | Create | Villager (Male) |
| 24:43 | Create | Villager (Male) |
| 24:43 | Create | Villager (Male) |
| 24:44 | Create | Villager (Male) |
| 24:44 | Create | Villager (Male) |
| 24:48 | Create | Villager (Male) |
| 24:48 | Create | Villager (Male) |
| 25:07 | Build | House |
| 25:08 | Build | House |
| 25:09 | Build | House |
| 25:10 | Build | House |
| 25:10 | Build | House |
| 25:13 | Create | Villager (Male) |
| 25:13 | Create | Villager (Male) |
| 25:13 | Create | Villager (Male) |
| 25:13 | Create | Villager (Male) |
| 25:31 | Create | Villager (Male) |
| 25:31 | Create | Villager (Male) |
| 25:36 | Research | Gold Mining |
| 25:43 | Research | Stone Mining |
| 25:47 | Create | Villager (Male) |
| 25:48 | Create | Villager (Male) |
| 25:48 | Create | Villager (Male) |
| 25:58 | Create | Villager (Male) |
| 26:02 | Create | Villager (Male) |
| 26:02 | Create | Villager (Male) |
| 26:02 | Create | Villager (Male) |
| 26:02 | Create | Villager (Male) |
| 26:12 | Create | Villager (Male) |
| 26:12 | Create | Villager (Male) |
| 26:15 | Create | Villager (Male) |
| 26:40 | Build | Town Center |
| 26:42 | Create | Villager (Male) |
Build order — weski
First 150 of 649 actions detected
| 0:03 | Build | Town Center |
| 0:25 | Build | Dock |
| 0:26 | Build | House |
| 1:26 | Build | Palisade Wall |
| 1:28 | Build | Palisade Wall |
| 2:22 | Create | Villager (Male) |
| 2:22 | Create | Villager (Male) |
| 2:22 | Create | Villager (Male) |
| 2:22 | Create | Villager (Male) |
| 2:28 | Research | Loom |
| 2:28 | Create | Villager (Male) |
| 2:29 | Create | Villager (Male) |
| 2:29 | Create | Villager (Male) |
| 3:23 | Create | Fishing Ship |
| 3:25 | Create | Villager (Male) |
| 3:53 | Build | Palisade Wall |
| 4:38 | Build | Palisade Wall |
| 4:46 | Create | Villager (Male) |
| 4:50 | Build | House |
| 5:20 | Create | Villager (Male) |
| 5:47 | Create | Villager (Male) |
| 5:54 | Create | Fishing Ship |
| 6:13 | Create | Villager (Male) |
| 6:34 | Build | House |
| 6:44 | Create | Villager (Male) |
| 7:06 | Create | Fishing Ship |
| 7:11 | Create | Villager (Male) |
| 7:13 | Build | House |
| 7:22 | Create | Villager (Male) |
| 7:47 | Create | Villager (Male) |
| 7:56 | Create | Villager (Male) |
| 7:56 | Create | Villager (Male) |
| 7:57 | Create | Fishing Ship |
| 8:12 | Create | Villager (Male) |
| 8:25 | Build | Mining Camp |
| 8:30 | Create | Villager (Male) |
| 8:56 | Create | Villager (Male) |
| 9:11 | Build | House |
| 9:48 | Create | Villager (Male) |
| 10:04 | Create | Villager (Male) |
| 10:05 | Create | Villager (Male) |
| 10:07 | Create | Fishing Ship |
| 10:35 | Research | Feudal Age |
| 10:55 | Build | Mill |
| 11:01 | Create | Villager (Male) |
| 11:07 | Build | House |
| 11:16 | Create | Fishing Ship |
| 12:10 | Create | Villager (Male) |
| 12:16 | Build | Outpost |
| 13:13 | Age | Feudal Age |
| 13:15 | Build | Market |
| 13:19 | Build | Blacksmith |
| 13:42 | Build | Mining Camp |
| 14:07 | Research | Castle Age |
| 14:07 | Research | Castle Age |
| 14:18 | Research | Town Watch |
| 14:19 | Research | Town Watch |
| 14:49 | Create | Fire Galley |
| 14:49 | Create | Fire Galley |
| 15:03 | Research | Fletching |
| 15:42 | Build | House |
| 15:59 | Create | Unit 2626 |
| 16:10 | Create | Villager (Male) |
| 16:11 | Create | Villager (Male) |
| 16:42 | Build | Outpost |
| 16:45 | Build | Outpost |
| 16:47 | Age | Castle Age |
| 16:48 | Build | Outpost |
| 17:00 | Create | Villager (Male) |
| 17:05 | Build | Lumber Camp |
| 17:37 | Build | Castle |
| 17:40 | Build | Outpost |
| 17:46 | Create | Villager (Male) |
| 17:48 | Research | Double-Bit Axe |
| 17:48 | Research | Double-Bit Axe |
| 18:02 | Create | Villager (Male) |
| 18:23 | Create | Villager (Male) |
| 18:32 | Create | Villager (Male) |
| 18:45 | Build | Castle |
| 18:47 | Build | Palisade Wall |
| 18:48 | Build | Palisade Wall |
| 18:54 | Build | Palisade Wall |
| 18:56 | Build | House |
| 19:19 | Build | Palisade Wall |
| 19:29 | Build | Palisade Wall |
| 19:47 | Create | Villager (Male) |
| 19:48 | Create | Villager (Male) |
| 20:01 | Build | Palisade Wall |
| 20:02 | Build | Palisade Wall |
| 20:22 | Build | Town Center |
| 20:26 | Create | Villager (Male) |
| 20:27 | Create | Villager (Male) |
| 20:36 | Build | Barracks |
| 20:46 | Build | House |
| 21:25 | Create | Villager (Male) |
| 21:25 | Create | Villager (Male) |
| 21:41 | Build | Dock |
| 21:44 | Create | Fishing Ship |
| 21:45 | Create | Fishing Ship |
| 22:47 | Create | Villager (Male) |
| 22:47 | Create | Villager (Male) |
| 22:50 | Build | Farm |
| 22:51 | Build | Farm |
| 22:51 | Build | Farm |
| 23:50 | Build | Watch Tower |
| 23:54 | Create | Villager (Male) |
| 23:55 | Create | Villager (Male) |
| 23:55 | Create | Villager (Male) |
| 24:04 | Create | Villager (Male) |
| 24:04 | Create | Villager (Male) |
| 24:36 | Create | Villager (Male) |
| 24:36 | Create | Villager (Male) |
| 24:38 | Build | Farm |
| 25:21 | Build | Lumber Camp |
| 25:29 | Create | Villager (Male) |
| 25:32 | Build | Farm |
| 25:34 | Build | Farm |
| 25:41 | Create | Villager (Male) |
| 25:42 | Create | Villager (Male) |
| 25:42 | Create | Villager (Male) |
| 26:03 | Create | Villager (Male) |
| 26:29 | Create | Villager (Male) |
| 26:29 | Create | Villager (Male) |
| 26:39 | Build | Mining Camp |
| 26:47 | Build | Farm |
| 26:49 | Build | Farm |
| 27:00 | Create | Villager (Male) |
| 27:00 | Create | Villager (Male) |
| 27:08 | Build | Farm |
| 27:09 | Build | Farm |
| 27:23 | Create | Villager (Male) |
| 27:28 | Build | Outpost |
| 27:39 | Create | Villager (Male) |
| 27:46 | Build | Farm |
| 27:59 | Create | Villager (Male) |
| 27:59 | Create | Villager (Male) |
| 28:04 | Build | Outpost |
| 28:17 | Build | Farm |
| 28:20 | Build | Farm |
| 28:24 | Create | Villager (Male) |
| 28:24 | Create | Villager (Male) |
| 28:24 | Create | Villager (Male) |
| 28:28 | Create | Villager (Male) |
| 28:38 | Build | Farm |
| 28:51 | Create | Villager (Male) |
| 28:51 | Create | Villager (Male) |
| 28:57 | Create | Villager (Male) |
| 28:57 | Create | Villager (Male) |
| 29:13 | Create | Villager (Male) |
| 29:13 | Create | Villager (Male) |
Build order — Amar mend üü
First 150 of 577 actions detected
| 0:20 | Build | Town Center |
| 0:40 | Build | Town Center |
| 2:00 | Build | Dock |
| 2:32 | Build | House |
| 3:05 | Create | Villager (Male) |
| 3:05 | Create | Villager (Male) |
| 3:34 | Create | Villager (Male) |
| 3:42 | Create | Villager (Male) |
| 3:54 | Build | House |
| 4:23 | Create | Fishing Ship |
| 4:23 | Create | Fishing Ship |
| 4:33 | Research | Loom |
| 5:17 | Create | Fishing Ship |
| 5:19 | Create | Villager (Male) |
| 5:51 | Create | Villager (Male) |
| 6:17 | Create | Fishing Ship |
| 6:31 | Create | Villager (Male) |
| 6:32 | Create | Villager (Male) |
| 6:51 | Create | Fishing Ship |
| 6:56 | Create | Villager (Male) |
| 6:56 | Create | Villager (Male) |
| 7:17 | Build | House |
| 7:20 | Create | Villager (Male) |
| 7:20 | Create | Villager (Male) |
| 7:48 | Create | Fishing Ship |
| 7:54 | Create | Villager (Male) |
| 7:54 | Create | Villager (Male) |
| 8:03 | Create | Villager (Male) |
| 8:03 | Create | Villager (Male) |
| 8:15 | Create | Villager (Male) |
| 8:15 | Create | Villager (Male) |
| 8:24 | Create | Fishing Ship |
| 8:32 | Build | Mill |
| 8:45 | Create | Villager (Male) |
| 8:45 | Create | Villager (Male) |
| 8:53 | Create | Fishing Ship |
| 9:18 | Build | House |
| 9:32 | Create | Villager (Male) |
| 9:48 | Create | Villager (Male) |
| 9:49 | Create | Fishing Ship |
| 9:51 | Build | House |
| 10:10 | Create | Villager (Male) |
| 10:32 | Build | House |
| 10:33 | Build | House |
| 10:48 | Create | Villager (Male) |
| 10:49 | Create | Fishing Ship |
| 11:01 | Build | Lumber Camp |
| 11:14 | Create | Villager (Male) |
| 11:25 | Create | Villager (Male) |
| 12:03 | Build | Mining Camp |
| 12:06 | Research | Feudal Age |
| 12:20 | Create | Villager (Male) |
| 12:26 | Create | Fishing Ship |
| 12:43 | Build | Dock |
| 12:51 | Create | Fishing Ship |
| 13:00 | Build | House |
| 13:03 | Build | Palisade Wall |
| 13:09 | Build | Palisade Wall |
| 13:54 | Build | Palisade Wall |
| 14:27 | Age | Feudal Age |
| 14:28 | Create | Galley |
| 14:29 | Create | Galley |
| 14:31 | Create | Villager (Male) |
| 14:32 | Research | Double-Bit Axe |
| 14:32 | Research | Double-Bit Axe |
| 15:02 | Build | Blacksmith |
| 15:03 | Create | Villager (Male) |
| 15:18 | Create | Villager (Male) |
| 15:23 | Create | Galley |
| 15:24 | Create | Galley |
| 15:49 | Research | Fletching |
| 15:49 | Research | Fletching |
| 15:50 | Create | Galley |
| 15:50 | Create | Galley |
| 15:52 | Create | Villager (Male) |
| 15:57 | Build | House |
| 16:04 | Create | Villager (Male) |
| 16:26 | Create | Galley |
| 16:26 | Create | Galley |
| 16:48 | Create | Villager (Male) |
| 17:17 | Create | Villager (Male) |
| 17:25 | Create | Galley |
| 17:25 | Create | Galley |
| 17:30 | Create | Villager (Male) |
| 17:36 | Build | House |
| 17:48 | Build | Barracks |
| 18:11 | Build | Market |
| 18:42 | Create | Villager (Male) |
| 19:05 | Research | Castle Age |
| 19:09 | Build | Lumber Camp |
| 19:22 | Create | Villager (Male) |
| 19:37 | Research | Tech 906 |
| 19:45 | Create | Transport Ship |
| 19:49 | Create | Fishing Ship |
| 19:50 | Create | Fishing Ship |
| 19:50 | Create | Fishing Ship |
| 19:56 | Create | Villager (Male) |
| 20:16 | Build | Archery Range |
| 20:17 | Build | Archery Range |
| 20:24 | Create | Villager (Male) |
| 20:28 | Build | House |
| 20:40 | Build | Archery Range |
| 20:45 | Build | House |
| 20:46 | Build | House |
| 20:50 | Research | Padded Archer Armor |
| 20:51 | Research | Padded Archer Armor |
| 21:07 | Build | Palisade Wall |
| 21:11 | Build | Archery Range |
| 21:16 | Research | Wheelbarrow |
| 21:27 | Create | Archer |
| 21:27 | Create | Archer |
| 21:27 | Create | Archer |
| 21:30 | Build | House |
| 21:34 | Build | Dock |
| 21:44 | Create | Archer |
| 21:44 | Create | Archer |
| 21:47 | Age | Castle Age |
| 21:50 | Research | Bodkin Arrow |
| 21:52 | Research | Crossbowman (upgrade) |
| 21:52 | Create | Archer |
| 21:52 | Create | Archer |
| 21:55 | Create | Villager (Male) |
| 22:00 | Create | Archer |
| 22:06 | Build | House |
| 22:07 | Build | House |
| 22:08 | Build | Palisade Wall |
| 22:28 | Create | Archer |
| 22:28 | Create | Archer |
| 22:40 | Create | Villager (Male) |
| 22:40 | Create | Villager (Male) |
| 23:13 | Create | Archer |
| 23:13 | Create | Archer |
| 23:14 | Create | Villager (Male) |
| 23:14 | Create | Villager (Male) |
| 23:18 | Build | Town Center |
| 23:23 | Build | Town Center |
| 23:40 | Create | Villager (Male) |
| 23:40 | Create | Villager (Male) |
| 23:51 | Create | Archer |
| 23:51 | Create | Archer |
| 23:52 | Create | Villager (Male) |
| 23:53 | Create | Villager (Male) |
| 23:56 | Build | House |
| 23:56 | Build | House |
| 24:17 | Create | Archer |
| 24:34 | Create | Archer |
| 24:35 | Create | Archer |
| 24:35 | Create | Villager (Male) |
| 24:36 | Create | Villager (Male) |
| 24:38 | Create | Fishing Ship |
Build order — Young Carter
First 150 of 539 actions detected
| 0:19 | Build | Town Center |
| 2:16 | Build | Dock |
| 2:29 | Build | House |
| 2:33 | Build | House |
| 2:34 | Create | Villager (Male) |
| 2:34 | Create | Villager (Male) |
| 2:35 | Create | Villager (Male) |
| 2:35 | Create | Villager (Male) |
| 3:59 | Create | Fishing Ship |
| 4:08 | Research | Loom |
| 4:42 | Build | Palisade Wall |
| 4:48 | Build | Palisade Wall |
| 4:49 | Build | Palisade Wall |
| 4:50 | Build | Palisade Wall |
| 4:53 | Build | House |
| 5:19 | Create | Villager (Male) |
| 5:26 | Create | Fishing Ship |
| 5:38 | Build | House |
| 5:40 | Create | Villager (Male) |
| 6:28 | Create | Villager (Male) |
| 6:28 | Create | Villager (Male) |
| 6:42 | Create | Fishing Ship |
| 6:47 | Create | Villager (Male) |
| 7:10 | Create | Villager (Male) |
| 7:23 | Create | Villager (Male) |
| 7:23 | Create | Villager (Male) |
| 7:27 | Build | House |
| 7:50 | Create | Villager (Male) |
| 7:50 | Create | Villager (Male) |
| 8:03 | Create | Fishing Ship |
| 8:17 | Create | Villager (Male) |
| 8:19 | Create | Villager (Male) |
| 8:34 | Create | Villager (Male) |
| 8:41 | Create | Fishing Ship |
| 9:06 | Create | Villager (Male) |
| 9:31 | Build | House |
| 9:42 | Create | Fishing Ship |
| 9:52 | Build | House |
| 9:52 | Create | Villager (Male) |
| 9:53 | Create | Villager (Male) |
| 9:53 | Create | Villager (Male) |
| 10:37 | Create | Villager (Male) |
| 10:38 | Create | Villager (Male) |
| 10:38 | Create | Villager (Male) |
| 10:38 | Create | Villager (Male) |
| 10:39 | Create | Villager (Male) |
| 10:39 | Create | Villager (Male) |
| 10:39 | Create | Villager (Male) |
| 11:21 | Create | Villager (Male) |
| 11:21 | Create | Villager (Male) |
| 11:24 | Build | Mill |
| 11:25 | Create | Villager (Male) |
| 11:38 | Build | Mining Camp |
| 11:46 | Build | Dock |
| 12:11 | Build | House |
| 12:26 | Create | Villager (Male) |
| 12:34 | Create | Fishing Ship |
| 12:36 | Build | House |
| 12:53 | Create | Villager (Male) |
| 12:56 | Research | Feudal Age |
| 12:56 | Research | Feudal Age |
| 13:20 | Create | Fishing Ship |
| 14:08 | Build | Lumber Camp |
| 14:22 | Create | Villager (Male) |
| 14:33 | Create | Fishing Ship |
| 14:45 | Create | Villager (Male) |
| 15:06 | Age | Feudal Age |
| 15:10 | Create | Unit 2626 |
| 15:11 | Create | Unit 2626 |
| 15:31 | Build | Blacksmith |
| 15:37 | Create | Villager (Male) |
| 15:50 | Create | Unit 2626 |
| 16:06 | Create | Unit 2626 |
| 16:06 | Create | Unit 2626 |
| 16:13 | Create | Villager (Male) |
| 16:13 | Create | Villager (Male) |
| 16:23 | Create | Villager (Male) |
| 16:23 | Create | Villager (Male) |
| 16:33 | Research | Double-Bit Axe |
| 17:05 | Create | Unit 2626 |
| 17:05 | Create | Unit 2626 |
| 17:14 | Build | Market |
| 17:17 | Build | House |
| 17:48 | Create | Unit 2626 |
| 17:50 | Research | Forging |
| 18:09 | Research | Castle Age |
| 18:47 | Create | Villager (Male) |
| 18:58 | Create | Villager (Male) |
| 19:05 | Create | Villager (Male) |
| 19:14 | Build | Barracks |
| 19:55 | Build | House |
| 19:58 | Build | House |
| 20:26 | Build | Stable |
| 20:30 | Build | Archery Range |
| 20:32 | Build | Archery Range |
| 20:34 | Research | Fletching |
| 20:35 | Research | Gold Mining |
| 20:49 | Age | Castle Age |
| 21:05 | Build | House |
| 21:07 | Build | House |
| 21:10 | Create | Villager (Male) |
| 21:16 | Build | Archery Range |
| 21:23 | Create | Cavalry Archer |
| 21:23 | Create | Cavalry Archer |
| 21:24 | Research | Bodkin Arrow |
| 21:26 | Create | Cavalry Archer |
| 21:26 | Create | Cavalry Archer |
| 21:26 | Create | Cavalry Archer |
| 21:32 | Create | Cavalry Archer |
| 21:35 | Create | Cavalry Archer |
| 21:38 | Build | House |
| 21:42 | Build | Palisade Wall |
| 21:44 | Create | Villager (Male) |
| 21:49 | Build | House |
| 21:53 | Build | Palisade Gate |
| 21:54 | Create | Villager (Male) |
| 22:02 | Create | Cavalry Archer |
| 22:03 | Create | Cavalry Archer |
| 22:09 | Create | Cavalry Archer ×2 |
| 22:17 | Build | University |
| 22:36 | Create | Cavalry Archer |
| 22:37 | Create | Cavalry Archer |
| 22:45 | Create | Villager (Male) |
| 22:47 | Create | Villager (Male) |
| 23:00 | Create | Cavalry Archer |
| 23:00 | Create | Cavalry Archer |
| 23:17 | Create | Cavalry Archer |
| 23:18 | Create | Cavalry Archer |
| 23:19 | Create | Villager (Male) |
| 23:30 | Research | Ballistics |
| 23:45 | Create | Cavalry Archer |
| 23:59 | Create | Cavalry Archer |
| 23:59 | Create | Cavalry Archer |
| 24:01 | Create | Villager (Male) |
| 24:03 | Build | Lumber Camp |
| 24:17 | Research | Husbandry |
| 24:43 | Create | Villager (Male) |
| 24:59 | Create | Villager (Male) |
| 24:59 | Create | Villager (Male) |
| 25:05 | Create | Cavalry Archer |
| 25:06 | Create | Cavalry Archer |
| 25:06 | Create | Villager (Male) |
| 25:09 | Build | Monastery |
| 25:09 | Create | Villager (Male) |
| 25:09 | Create | Villager (Male) |
| 25:10 | Create | Villager (Male) |
| 25:16 | Build | Mining Camp |
| 25:24 | Create | Cavalry Archer |
| 25:24 | Create | Cavalry Archer |
| 25:25 | Create | Cavalry Archer |
Build order — gottagou
First 150 of 688 actions detected
| 0:03 | Build | Town Center |
| 0:43 | Build | Dock |
| 0:55 | Build | House |
| 0:58 | Build | Palisade Wall |
| 1:00 | Build | Palisade Wall |
| 2:22 | Create | Villager (Male) |
| 2:22 | Create | Villager (Male) |
| 2:23 | Create | Villager (Male) |
| 2:23 | Create | Villager (Male) |
| 2:23 | Create | Villager (Male) |
| 3:39 | Create | Fishing Ship |
| 3:59 | Create | Villager (Male) |
| 4:06 | Build | House |
| 4:33 | Create | Villager (Male) |
| 4:54 | Create | Villager (Male) |
| 5:10 | Create | Fishing Ship |
| 5:13 | Create | Villager (Male) |
| 5:29 | Build | House |
| 5:40 | Create | Villager (Male) |
| 5:46 | Build | House |
| 6:03 | Create | Villager (Male) |
| 6:25 | Create | Fishing Ship |
| 6:29 | Create | Villager (Male) |
| 6:51 | Create | Villager (Male) |
| 7:12 | Create | Villager (Male) |
| 7:40 | Create | Villager (Male) |
| 7:42 | Create | Fishing Ship |
| 7:55 | Create | Villager (Male) |
| 7:55 | Create | Villager (Male) |
| 7:57 | Create | Villager (Male) |
| 8:17 | Create | Fishing Ship |
| 8:31 | Build | Mill |
| 8:34 | Create | Villager (Male) |
| 9:01 | Build | House |
| 9:02 | Build | House |
| 9:07 | Build | House |
| 9:29 | Build | Dock |
| 9:32 | Build | House |
| 9:45 | Build | House |
| 9:52 | Create | Villager (Male) |
| 9:52 | Create | Villager (Male) |
| 9:53 | Create | Villager (Male) |
| 9:57 | Create | Fishing Ship |
| 9:57 | Create | Fishing Ship |
| 10:00 | Build | House |
| 10:11 | Build | House |
| 10:28 | Create | Fishing Ship |
| 11:07 | Build | Mining Camp |
| 11:13 | Build | Palisade Wall |
| 11:13 | Build | Palisade Wall |
| 11:18 | Create | Villager (Male) |
| 11:42 | Build | Palisade Wall |
| 11:48 | Research | Feudal Age |
| 11:50 | Create | Fishing Ship |
| 11:51 | Create | Fishing Ship |
| 12:10 | Build | House |
| 12:15 | Research | Loom |
| 12:43 | Create | Fishing Ship |
| 13:14 | Build | Palisade Wall |
| 13:21 | Build | Palisade Wall |
| 13:39 | Build | Mill |
| 13:57 | Build | Palisade Wall |
| 13:58 | Age | Feudal Age |
| 14:04 | Create | Villager (Male) |
| 14:15 | Build | Blacksmith |
| 14:24 | Create | Villager (Male) |
| 14:30 | Build | Market |
| 14:44 | Build | House |
| 15:16 | Create | Villager (Male) |
| 15:31 | Research | Castle Age |
| 15:38 | Build | Mining Camp |
| 15:53 | Build | Palisade Wall |
| 16:04 | Build | Lumber Camp |
| 16:30 | Research | Tech 906 |
| 16:43 | Research | Double-Bit Axe |
| 17:42 | Create | Villager (Male) |
| 17:42 | Create | Villager (Male) |
| 18:21 | Age | Castle Age |
| 18:27 | Build | Castle |
| 18:32 | Build | House |
| 18:35 | Build | House |
| 18:41 | Research | Scale Mail Armor |
| 18:41 | Research | Forging |
| 18:49 | Build | Palisade Wall |
| 18:52 | Create | Villager (Male) |
| 19:05 | Build | Palisade Wall |
| 19:07 | Build | Palisade Wall |
| 19:29 | Create | Berserk |
| 19:29 | Create | Berserk |
| 19:29 | Create | Berserk |
| 19:29 | Create | Berserk |
| 19:29 | Create | Berserk |
| 19:30 | Create | Berserk |
| 19:30 | Create | Berserk |
| 20:12 | Build | Town Center |
| 20:13 | Create | Villager (Male) |
| 20:38 | Create | Berserk |
| 20:38 | Create | Berserk |
| 20:47 | Create | Villager (Male) |
| 20:48 | Create | Villager (Male) |
| 20:48 | Create | Villager (Male) |
| 21:07 | Create | Villager (Male) |
| 21:07 | Create | Villager (Male) |
| 21:16 | Build | Farm |
| 21:16 | Build | Farm |
| 21:17 | Build | Farm |
| 21:17 | Build | Farm |
| 21:17 | Build | Farm |
| 21:17 | Build | Farm |
| 21:18 | Build | Farm |
| 21:18 | Build | Farm |
| 21:18 | Build | Farm |
| 21:23 | Research | Horse Collar |
| 21:24 | Create | Villager (Male) |
| 21:48 | Create | Berserk |
| 22:20 | Build | Siege Workshop |
| 22:57 | Create | Berserk |
| 22:57 | Create | Berserk |
| 22:57 | Create | Berserk |
| 22:58 | Create | Berserk |
| 23:07 | Create | Villager (Male) |
| 23:08 | Create | Villager (Male) |
| 23:08 | Create | Villager (Male) |
| 23:08 | Create | Villager (Male) |
| 23:08 | Create | Villager (Male) |
| 23:11 | Build | Farm |
| 23:11 | Build | Farm |
| 23:11 | Build | Farm |
| 23:11 | Build | Farm |
| 23:12 | Build | Farm |
| 23:12 | Build | Farm |
| 23:42 | Create | Battering Ram |
| 23:43 | Create | Battering Ram |
| 23:46 | Build | House |
| 24:05 | Create | Berserk |
| 24:05 | Create | Berserk |
| 24:06 | Create | Berserk |
| 24:19 | Create | Villager (Male) |
| 24:20 | Create | Villager (Male) |
| 24:22 | Build | Farm |
| 24:32 | Build | Mining Camp |
| 25:01 | Build | Barracks |
| 25:11 | Create | Villager (Male) |
| 25:11 | Create | Villager (Male) |
| 25:11 | Create | Villager (Male) |
| 25:14 | Create | Villager (Male) |
| 25:19 | Create | Villager (Male) |
| 25:20 | Create | Villager (Male) |
| 25:25 | Create | Villager (Male) |
| 25:38 | Create | Villager (Male) |
Build order — DK | Mauseren
First 150 of 571 actions detected
| 0:04 | Build | Town Center |
| 0:46 | Build | Dock |
| 2:25 | Create | Villager (Male) |
| 2:25 | Create | Villager (Male) |
| 2:25 | Create | Villager (Male) |
| 2:25 | Create | Villager (Male) |
| 2:31 | Build | House |
| 3:28 | Create | Villager (Male) |
| 4:07 | Create | Fishing Ship |
| 4:20 | Build | House |
| 4:26 | Research | Loom |
| 4:50 | Create | Fishing Ship |
| 5:17 | Create | Villager (Male) |
| 5:30 | Create | Fishing Ship |
| 5:57 | Create | Villager (Male) |
| 6:04 | Build | House |
| 6:21 | Create | Fishing Ship |
| 6:30 | Create | Villager (Male) |
| 6:53 | Create | Fishing Ship |
| 7:02 | Create | Villager (Male) |
| 7:22 | Create | Villager (Male) |
| 7:25 | Create | Villager (Male) |
| 7:26 | Create | Fishing Ship |
| 7:59 | Create | Villager (Male) |
| 8:02 | Create | Villager (Male) |
| 8:10 | Build | House |
| 8:18 | Create | Fishing Ship |
| 8:19 | Create | Villager (Male) |
| 8:44 | Create | Villager (Male) |
| 8:51 | Build | Lumber Camp |
| 9:13 | Create | Villager (Male) |
| 9:16 | Create | Villager (Male) |
| 9:23 | Create | Fishing Ship |
| 9:29 | Build | House |
| 9:34 | Build | House |
| 9:40 | Research | Double-Bit Axe |
| 10:35 | Create | Villager (Male) |
| 11:00 | Build | Town Center |
| 11:12 | Build | House |
| 11:32 | Create | Fishing Ship |
| 11:55 | Create | Villager (Male) |
| 11:58 | Create | Villager (Male) |
| 12:21 | Create | Fishing Ship |
| 12:22 | Create | Villager (Male) |
| 12:27 | Create | Villager (Male) |
| 12:30 | Create | Villager (Male) |
| 12:33 | Create | Villager (Male) |
| 12:39 | Create | Villager (Male) |
| 12:50 | Create | Villager (Male) |
| 12:51 | Create | Villager (Male) |
| 13:01 | Create | Fishing Ship |
| 13:05 | Create | Villager (Male) |
| 13:43 | Create | Fishing Ship |
| 13:59 | Build | Lumber Camp |
| 13:59 | Create | Villager (Male) |
| 14:12 | Create | Villager (Male) |
| 14:15 | Create | Villager (Male) |
| 14:22 | Build | Outpost |
| 14:40 | Build | Dock |
| 14:42 | Create | Villager (Male) |
| 14:51 | Build | Outpost |
| 14:53 | Create | Villager (Male) |
| 15:03 | Build | Outpost |
| 15:09 | Build | Outpost |
| 15:21 | Create | Fishing Ship |
| 15:25 | Create | Fishing Ship |
| 15:26 | Create | Villager (Male) |
| 15:29 | Build | Mining Camp |
| 15:29 | Create | Villager (Male) |
| 16:00 | Build | House |
| 16:01 | Research | Feudal Age |
| 16:09 | Build | Outpost |
| 16:15 | Build | Outpost |
| 16:26 | Build | Outpost |
| 16:30 | Build | Outpost |
| 16:46 | Research | Tech 906 |
| 16:47 | Create | Villager (Male) |
| 16:58 | Build | Dock |
| 17:04 | Create | Villager (Male) |
| 17:07 | Create | Villager (Male) |
| 17:16 | Build | Outpost |
| 17:34 | Create | Villager (Male) |
| 17:37 | Create | Villager (Male) |
| 17:39 | Create | Villager (Male) |
| 17:48 | Create | Villager (Male) |
| 17:49 | Create | Villager (Male) |
| 17:57 | Create | Fishing Ship |
| 17:57 | Create | Fishing Ship |
| 18:02 | Create | Villager (Male) |
| 18:05 | Build | House |
| 18:05 | Build | House |
| 18:05 | Build | House |
| 18:06 | Create | Villager (Male) |
| 18:11 | Age | Feudal Age |
| 18:19 | Research | Wheelbarrow |
| 18:20 | Research | Town Watch |
| 18:20 | Create | Villager (Male) |
| 18:25 | Create | Villager (Male) |
| 18:36 | Create | Villager (Male) |
| 18:38 | Create | Villager (Male) |
| 18:51 | Build | Watch Tower |
| 18:52 | Create | Villager (Male) |
| 18:57 | Create | Villager (Male) |
| 19:00 | Create | Villager (Male) |
| 19:01 | Create | Villager (Male) |
| 19:02 | Create | Villager (Male) |
| 19:03 | Create | Villager (Male) |
| 19:10 | Create | Villager (Male) |
| 19:24 | Create | Fishing Ship |
| 19:24 | Create | Fishing Ship |
| 19:41 | Create | Villager (Male) |
| 19:50 | Create | Villager (Male) |
| 19:55 | Create | Villager (Male) |
| 20:17 | Create | Villager (Male) |
| 20:29 | Build | Palisade Wall |
| 20:31 | Build | Palisade Wall |
| 20:33 | Build | Palisade Wall |
| 20:37 | Build | Lumber Camp |
| 20:39 | Build | House |
| 20:43 | Build | House |
| 20:46 | Build | House |
| 20:48 | Build | House |
| 20:48 | Create | Villager (Male) |
| 21:13 | Build | Mill |
| 21:23 | Build | Palisade Wall |
| 21:25 | Build | Palisade Wall |
| 21:26 | Build | Palisade Wall |
| 21:32 | Create | Villager (Male) |
| 21:39 | Create | Villager (Male) |
| 22:04 | Create | Villager (Male) |
| 22:14 | Build | House |
| 22:15 | Create | Villager (Male) |
| 22:18 | Build | House |
| 22:21 | Build | Palisade Wall |
| 22:22 | Create | Villager (Male) |
| 23:06 | Build | Market |
| 23:16 | Create | Villager (Male) |
| 23:37 | Create | Transport Ship |
| 24:15 | Create | Unit 2626 |
| 25:31 | Build | Lumber Camp |
| 25:58 | Build | Stone Wall |
| 25:59 | Build | Stone Wall |
| 26:01 | Build | Stone Wall |
| 26:02 | Build | Stone Wall |
| 26:02 | Build | Stone Wall |
| 26:35 | Create | Fire Galley |
| 27:16 | Build | House |
| 27:41 | Build | House |
| 28:00 | Create | Unit 2626 |
| 28:15 | Build | Stone Wall |
Match timeline
| 0:25 | weski · first_building Dock |
| 0:43 | gottagou · first_building Dock |
| 0:46 | DK | Mauseren · first_building Dock |
| 0:58 | gottagou · wall_segment Palisade Wall x1 |
| 1:00 | gottagou · wall_segment Palisade Wall x1 |
| 1:18 | ike · first_building Dock |
| 1:26 | weski · wall_segment Palisade Wall x1 |
| 1:28 | weski · wall_segment Palisade Wall x1 |
| 2:00 | Amar mend üü · first_building Dock |
| 2:16 | Young Carter · first_building Dock |
| 3:53 | weski · wall_segment Palisade Wall x1 |
| 4:23 | ike · wall_segment Palisade Wall x1 |
| 4:38 | weski · wall_segment Palisade Wall x1 |
| 4:42 | Young Carter · wall_segment Palisade Wall x1 |
| 4:48 | Young Carter · wall_segment Palisade Wall x1 |
| 4:49 | Young Carter · wall_segment Palisade Wall x1 |
| 4:50 | Young Carter · wall_segment Palisade Wall x1 |
| 6:22 | ike · wall_segment Palisade Wall x1 |
| 11:13 | gottagou · wall_segment Palisade Wall x10 |
| 11:13 | gottagou · wall_segment Palisade Wall x1 |
| 11:42 | gottagou · wall_segment Palisade Wall x6 |
| 13:03 | Amar mend üü · wall_segment Palisade Wall x3 |
| 13:09 | Amar mend üü · wall_segment Palisade Wall x4 |
| 13:13 | weski · age_up feudal |
| 13:14 | gottagou · wall_segment Palisade Wall x8 |
| 13:21 | gottagou · wall_segment Palisade Wall x11 |
| 13:39 | ike · age_up feudal |
| 13:54 | Amar mend üü · wall_segment Palisade Wall x1 |
| 13:57 | gottagou · wall_segment Palisade Wall x1 |
| 13:58 | gottagou · age_up feudal |
| 14:27 | Amar mend üü · age_up feudal |
| 15:06 | Young Carter · age_up feudal |
| 15:53 | gottagou · wall_segment Palisade Wall x7 |
| 16:47 | weski · age_up castle |
| 17:37 | weski · first_building Castle |
| 17:48 | Amar mend üü · first_building Barracks |
| 18:06 | Young Carter · first_market_buy 100 food |
| 18:09 | Young Carter · first_market_sell 100 wood |
| 18:11 | DK | Mauseren · age_up feudal |
| 18:21 | gottagou · age_up castle |
| 18:27 | gottagou · first_building Castle |
| 18:47 | weski · wall_segment Palisade Wall x1 |
| 18:48 | weski · wall_segment Palisade Wall x1 |
| 18:49 | gottagou · wall_segment Palisade Wall x1 |
| 18:54 | weski · wall_segment Palisade Wall x1 |
| 19:02 | ike · wall_segment Palisade Wall x1 |
| 19:05 | ike · wall_segment Palisade Wall x1 |
| 19:05 | gottagou · wall_segment Palisade Wall x1 |
| 19:07 | gottagou · wall_segment Palisade Wall x1 |
| 19:12 | ike · wall_segment Palisade Wall x1 |
| 19:14 | ike · wall_segment Palisade Wall x1 |
| 19:14 | Young Carter · first_building Barracks |
| 19:16 | ike · wall_segment Palisade Wall x1 |
| 19:19 | weski · wall_segment Palisade Wall x1 |
| 19:29 | weski · wall_segment Palisade Wall x1 |
| 20:01 | weski · wall_segment Palisade Wall x1 |
| 20:02 | weski · wall_segment Palisade Wall x1 |
| 20:16 | Amar mend üü · first_building Archery Range |
| 20:18 | weski · first_market_buy 100 stone |
| 20:26 | Young Carter · first_building Stable |
| 20:29 | DK | Mauseren · wall_segment Palisade Wall x1 |
| 20:30 | Young Carter · first_building Archery Range |
| 20:31 | DK | Mauseren · wall_segment Palisade Wall x3 |
| 20:33 | DK | Mauseren · wall_segment Palisade Wall x4 |
| 20:36 | weski · first_building Barracks |
| 20:49 | Young Carter · age_up castle |
| 21:07 | Amar mend üü · wall_segment Palisade Wall x1 |
| 21:22 | gottagou · first_market_buy 100 food |
| 21:23 | DK | Mauseren · wall_segment Palisade Wall x1 |
| 21:25 | DK | Mauseren · wall_segment Palisade Wall x1 |
| 21:26 | DK | Mauseren · wall_segment Palisade Wall x1 |
| 21:42 | Young Carter · wall_segment Palisade Wall x1 |
| 21:47 | Amar mend üü · age_up castle |
| 22:08 | Amar mend üü · wall_segment Palisade Wall x2 |
| 22:20 | gottagou · first_building Siege Workshop |
| 22:21 | DK | Mauseren · wall_segment Palisade Wall x1 |
| 22:46 | weski · first_market_sell 100 wood |
| 23:40 | ike · age_up castle |
| 24:56 | DK | Mauseren · tribute_sent a jugador 1 |
| 24:56 | DK | Mauseren · tribute_sent a jugador 2 |
| 24:56 | DK | Mauseren · tribute_sent a jugador 3 |
| 24:56 | DK | Mauseren · tribute_sent a jugador 4 |
| 24:56 | DK | Mauseren · tribute_sent a jugador 5 |
| 25:01 | gottagou · first_building Barracks |
| 25:08 | DK | Mauseren · first_market_sell 100 food |
| 25:09 | Young Carter · first_building Monastery |
| 25:22 | DK | Mauseren · first_market_buy 100 wood |
| 25:58 | DK | Mauseren · wall_segment Stone Wall x1 |
| 25:59 | DK | Mauseren · wall_segment Stone Wall x1 |
| 26:01 | DK | Mauseren · wall_segment Stone Wall x1 |
| 26:02 | DK | Mauseren · wall_segment Stone Wall x1 |
| 26:02 | DK | Mauseren · wall_segment Stone Wall x1 |
| 26:57 | Amar mend üü · first_market_sell 100 food |
| 27:11 | Amar mend üü · first_market_buy 100 stone |
| 27:40 | ike · first_building Castle |
| 28:06 | ike · first_market_buy 100 stone |
| 28:15 | DK | Mauseren · wall_segment Stone Wall x1 |
| 28:17 | gottagou · first_building Archery Range |
| 28:22 | ike · first_building Barracks |
| 28:25 | Amar mend üü · wall_segment Palisade Wall x1 |
| 28:54 | ike · first_building Stable |
| 29:04 | Amar mend üü · first_building Siege Workshop |
| 30:25 | Young Carter · age_up imperial |
| 31:33 | weski · wall_segment Stone Wall x15 |
| 33:11 | gottagou · first_market_sell 100 wood |
| 34:02 | Amar mend üü · first_building Castle |
| 35:07 | Young Carter · first_building Castle |
| 35:54 | Amar mend üü · wall_segment Palisade Wall x11 |
| 36:02 | DK | Mauseren · age_up castle |
| 36:44 | ike · first_market_sell 500 wood |
| 37:50 | Amar mend üü · age_up imperial |
| 42:18 | ike · wall_segment Stone Wall x6 |
| 42:26 | ike · wall_segment Stone Wall x13 |
| 44:22 | gottagou · age_up imperial |
| 46:38 | DK | Mauseren · wall_segment Stone Wall x14 |
| 46:39 | ike · age_up imperial |
| 47:48 | DK | Mauseren · first_building Monastery |
| 47:57 | DK | Mauseren · first_building Barracks |
| 48:26 | Amar mend üü · tribute_sent a jugador 1 |
| 48:26 | Amar mend üü · tribute_sent a jugador 3 |
| 48:26 | Amar mend üü · tribute_sent a jugador 4 |
| 48:26 | Amar mend üü · tribute_sent a jugador 5 |
| 48:26 | Amar mend üü · tribute_sent a jugador 6 |
| 48:49 | DK | Mauseren · first_building Stable |
| 48:50 | Amar mend üü · tribute_sent a jugador 1 |
| 48:50 | Amar mend üü · tribute_sent a jugador 3 |
| 48:50 | Amar mend üü · tribute_sent a jugador 4 |
| 48:50 | Amar mend üü · tribute_sent a jugador 5 |
| 48:50 | Amar mend üü · tribute_sent a jugador 6 |
| 49:48 | weski · first_building Archery Range |
| 51:18 | weski · age_up imperial |
| 51:53 | DK | Mauseren · age_up imperial |
| 52:10 | weski · first_building Siege Workshop |
| 52:16 | DK | Mauseren · first_building Castle |
| 52:47 | ike · first_building Siege Workshop |
| 53:21 | DK | Mauseren · first_building Siege Workshop |
| 53:31 | Amar mend üü · first_building Stable |
| 54:24 | Young Carter · wall_segment Stone Wall x7 |
| 58:03 | weski · resign |
[ AI ANALYSIS · 1 CREDIT ]
What really happened in this match?
Wolo.gg analyzes every decision: build order, eco, micro, common mistakes by bracket. Personalized analysis on WhatsApp or Discord in 30 seconds.
Civ guide
Byzantines
Perfil
Jugador #17319075